 Dungeon Crawl Stone Soup version 0.17-a0-1887-g3e50df6 (webtiles) character file.

1199 GrandHerb the Skirmisher (level 8, -4/70 (71) HPs)
             Began as a Minotaur Fighter on Sept 23, 2015.
             Was an Initiate of the Shining One.
             Killed from afar by an orc wizard (7 damage)
             ... with a puff of frost
             ... on level 5 of the Dungeon.
             The game lasted 00:27:06 (3994 turns).

GrandHerb the Skirmisher (Minotaur Fighter)         Turns: 3994, Time: 00:27:06

HP:   -4/70 (71)    AC: 10    Str: 20    XL:     8   Next: 20%
MP:   7/7           EV: 10    Int:  5    God:    the Shining One [......]
Gold: 335           SH: 10    Dex: 13    Spells: 0 memorised, 7 levels left

rFire  . . .     SeeInvis .     a - +0 trident
rCold  . . .     Clarity  .     b - +0 scale mail
rNeg   . . .     SustAt   .     c - +0 shield
rPois  .         Gourm    .     (helmet restricted)
rElec  .         Spirit   .     s - +0 cloak
rCorr  .         Warding  .     (no gloves)
rMut   .         Stasis   .     m - +0 pair of boots
MR     .....                    (no amulet)
Stlth  ..........               (no ring)
                                (no ring)

@: not resistant to hostile enchantments, extremely unstealthy
A: retaliatory headbutt, horns 2
a: Renounce Religion


You were on level 5 of the Dungeon.
You worshipped the Shining One.
The Shining One was noncommittal.
You were very hungry.

You visited 2 branches of the dungeon, and saw 6 of its levels.

You collected 379 gold pieces.
You spent 44 gold pieces at shops.

Inventory:

Hand weapons
 a - a +0 trident (weapon)
Missiles
 q - 4 javelins (quivered)
Armour
 b - a +0 scale mail (worn)
 c - a +0 shield (worn)
 m - a +0 pair of boots (worn)
 s - a +0 cloak (worn)
Jewellery
 B - an uncursed ring of stealth {unknown}
Magical devices
 A - a wand of paralysis (8)
Scrolls
 f - a scroll of recharging {unknown}
 j - a scroll of immolation {unknown}
 l - 2 scrolls of blinking
 o - a scroll of fog
 p - a scroll of teleportation
 t - a scroll of noise {unknown}
 x - a scroll of enchant weapon {unknown}
 y - 2 scrolls of magic mapping
 C - a scroll of remove curse
 D - 2 scrolls of identify
Potions
 d - a potion of might
 g - a potion of cancellation {unknown}
 i - 3 potions of cure mutation
 k - a potion of haste {unknown}
 n - 2 potions of flight
 u - a potion of invisibility {unknown}
 v - a potion of beneficial mutation {unknown}
Comestibles
 e - a bread ration
 h - 2 beef jerkies
 r - 3 fruits
 w - a slice of pizza
 z - a meat ration


   Skills:
 + Level 6.6 Fighting
 + Level 5.7 Polearms
 + Level 6.4 Armour
 + Level 4.2 Dodging
 + Level 6.2 Shields


You had 7 spell levels left.
You didn't know any spells.

Dungeon Overview and Level Annotations

Branches:
Dungeon (5/15)             Temple (1/1) D:5

Altars:
Ashenzari
Dithmenos
Elyvilon
Gozag
Kikubaaqudgha
Makhleb
Nemelex Xobeh
Okawaru
Qazlal
Ru
Sif Muna
Trog
Vehumet
Xom
Yredelemnul
Zin
The Shining One

Shops:
D:4 *


Innate Abilities, Weirdness & Mutations

You reflexively headbutt those who attack you in melee.
You have a pair of horns on your head.


Message History

The orc wizard hits you but does no damage.
You closely miss the orc wizard. Your headbutt misses the orc wizard.
The orc wizard is lightly wounded.
The orc wizard hits you but does no damage.
You block the orc's attack.
You closely miss the orc wizard. Your headbutt misses the orc wizard.
The orc wizard is lightly wounded.
You block the orc wizard's attack. You block the centaur's attack.
The orc hits you but does no damage. The orc wizard hits you with a dagger.
* * * LOW HITPOINT WARNING * * *
You block the centaur's attack.
You closely miss the orc wizard.
The orc wizard is lightly wounded.
The orc wizard gestures at you while chanting.
The puff of frost hits you!
* * * LOW HITPOINT WARNING * * *
You block the centaur's attack. The orc barely misses you.
The orc wizard gestures at you while chanting.
The puff of frost hits you!
You die...

##### #...#### ###
#......## #.##
#.......########..#
#.@)...............
#.coo...............
#........#..........
#..................#.
#...................#.
#.............#'#..##.
.............##.##.##.
.............##...##...
......#.....#/.^


You could see a centaur, an orc wizard and an orc.

Vanquished Creatures
  The ghost of Loris the Gusty, an average TeAE (D:3)
  A phantom (D:4)
  A sky beast (D:5)
  A giant frog (D:3)
  A necrophage (D:5)
  3 scorpions
  2 crimson imps
  3 orc priests
  2 centaur skeletons (D:4)
  2 giant frog skeletons
  A worker ant (D:5)
  5 orc wizards
  A hound (D:5)
  A hound skeleton (D:3)
  3 gnolls (D:5)
  3 adders
  An adder skeleton (D:4)
  2 worms
  3 giant geckos
  17 orcs
  4 bats
  3 giant cockroaches
  10 goblins
  9 hobgoblins
  7 jackals
  6 kobolds
  A quokka (D:3)
  A ball python (D:3)
  4 giant newts
  A jackal skeleton (D:5)
  A rat (D:1)
  A fungus (D:4)
102 creatures vanquished.

Vanquished Creatures (others)
  A bat (D:3)
  A kobold (D:3)
2 creatures vanquished.

Grand Total: 104 creatures vanquished

Notes
Turn   | Place    | Note
--------------------------------------------------------------
     0 | D:1      | GrandHerb the Minotaur Fighter began the quest for the Orb.
     0 | D:1      | Reached XP level 1. HP: 19/19 MP: 0/0
   198 | D:1      | Reached XP level 2. HP: 21/27 MP: 1/1
   915 | D:1      | Reached skill level 1 in Dodging
   948 | D:2      | Reached XP level 3. HP: 33/33 MP: 2/2
   964 | D:2      | Reached skill level 4 in Fighting
  1466 | D:3      | Found a bloodstained altar of Trog.
  1466 | D:3      | Found a sacrificial altar of Ru.
  1534 | D:3      | Reached XP level 4. HP: 40/40 MP: 3/3
  1541 | D:3      | Noticed a giant frog
  1553 | D:3      | Killed a giant frog
  1553 | D:3      | Reached XP level 5. HP: 45/47 MP: 4/4
  1782 | D:3      | Noticed Loris's ghost (average TeAE)
  1826 | D:3      | Killed Loris's ghost
  1826 | D:3      | Reached skill level 5 in Fighting
  1826 | D:3      | Reached XP level 6. HP: 24/56 MP: 5/5
  2299 | D:4      | Found a shattered altar of Ashenzari.
  2307 | D:4      | Reached skill level 5 in Armour
  2307 | D:4      | Reached skill level 5 in Shields
  2443 | D:4      | HP: 1/56 [poisoned by an orc wizard]
  2829 | D:4      | Reached XP level 7. HP: 27/61 MP: 6/6
  2953 | D:4      | Found Ysuilant's General Store.
  2966 | D:4      | Bought a scroll of remove curse for 33 gold pieces
  2966 | D:4      | Bought a potion of degeneration for 11 gold pieces
  3005 | D:5      | Entered Level 5 of the Dungeon
  3070 | D:5      | Reached skill level 5 in Polearms
  3340 | D:5      | Reached skill level 6 in Fighting
  3673 | D:5      | Found a staircase to the Ecumenical Temple.
  3679 | Temple   | Entered the Ecumenical Temple
  3694 | Temple   | Became a worshipper of the Shining One
  3855 | D:5      | Reached XP level 8. HP: 66/70 MP: 7/7
  3931 | D:5      | Found a burning altar of Makhleb.
  3931 | D:5      | Found a radiant altar of Vehumet.
  3994 | D:5      | HP: 3/70 [orc wizard/puff of frost (12)]
  3994 | D:5      | Killed from afar by an orc wizard

Vault maps used:
D:1:      minmay_arrival_wavy_path
D:2:      minmay_ruptured
D:3:      gammafunk_temple_overflow_elements
D:4:      evilmike_ruin_ashenzari, serial_shops,
          nicolae_shop_competitors_out_of_business, minmay_gold_behind_fungi,
          hex_tiny
D:5:      grunt_temple_overflow_lords_of_destruction, overflow_temple_1_default,
          minmay_temple_entry_enclosed_plants, first_bread, serial_shops,
          kennysheep_little_box
Temple:   jpeg_temple_clearing_12

Action                   |  1- 3 |  4- 6 |  7- 9 || total
-------------------------+-------+-------+-------++-------
Melee: Trident           |   100 |   162 |   134 ||   396
  Use: Scroll            |     1 |     5 |     1 ||     7
       Potion            |       |     2 |       ||     2
  Eat: Chunk             |     2 |     4 |     3 ||     9
